 Dungeon Crawl Stone Soup version 0.29-a0-219-g0a02b1cf4f (webtiles) character file.

Game seed: 7212536766934300725

35742 enile the Warrior (level 13, 0/156 HPs)
             Began as an Ogre Ice Elementalist on Feb 26, 2022.
             Was a Priest of Lugonu.
             Slain by a catoblepas (8 damage)
             ... while petrified by a catoblepas
             ... on level 5 of the Lair of Beasts.
             The game lasted 00:48:23 (21518 turns).

enile the Warrior (Ogre Ice Elementalist)          Turns: 21518, Time: 00:48:23

Health: 0/156      AC: 25    Str: 19    XL:     13   Next: 85%
Magic:  17/19      EV:  1    Int: 18    God:    Lugonu [***...]
Gold:   392        SH:  0    Dex:  9    Spells: 15/20 levels left

rFire   + + .      SeeInvis .   u - +6 war axe of the Hidden Vale {vorpal, rC- rN+ Will+++ Str+4 Int-2}
rCold   + + .      Faith    .   T - +0 kite shield
rNeg    + + +      Spirit   .   e - +12 pearl dragon scales of the Secret Stars {rPois rN+ Slay+2}
rPois   ∞          Reflect  .   Y - -1 hat of Proximity {rF+ rN+}
rElec   .          Harm     .   H - scarf {rC+ rF+}
rCorr   .          Rampage  .   (gloves unavailable)
Will    ++...                   (boots unavailable)
Stlth   ..........              f - amulet of the acrobat
HPRegen 0.36/turn               p - ring of protection from cold
MPRegen 0.16/turn               P - ring of protection from cold

@: petrified, weak-willed
A: large, unfitting armour, tough skin 1
a: Renounce Religion, Depart the Abyss, Bend Space, Banish


You were on level 5 of the Lair of Beasts.
You worshipped Lugonu.
Lugonu was most pleased with you.
You visited 3 branches of the dungeon, and saw 16 of its levels.
You visited the Abyss 1 time.
You also visited: Sewer.

You collected 934 gold pieces.
You spent 542 gold pieces at shops.

Inventory:

Hand Weapons
 c - a +1 demon whip of venom
 s - a +4 mace of protection
 u - the +6 war axe of the Hidden Vale (weapon) {vorpal, rC- rN+ Will+++ Str+4 Int-2}
   (You found it on level 3 of the Dungeon)

   It inflicts extra damage upon your enemies.
   Str:       It affects your strength (+4).
   Int:       It affects your intelligence (-2).
   rC:        It makes you vulnerable to cold.
   rN:        It protects you from negative energy.
   Will:      It greatly increases your willpower.
 D - the +8 mace of Autumn {flame, Contam Fly rElec Str+3 Dex+6}
   (You found it on level 4 of the Dungeon)

   It burns those it strikes, dealing additional fire damage.
   Str:       It affects your strength (+3).
   Dex:       It affects your dexterity (+6).
   rElec:     It insulates you from electricity.
   Fly:       It grants you flight.
   Contam:    It causes magical contamination when unequipped.
Missiles
 w - a datura-tipped dart
 M - 7 curare-tipped darts
Armour
 a - a +1 robe
 e - the +12 pearl dragon scales of the Secret Stars (worn) {rPois rN+ Slay+2}
   (You acquired it on level 6 of the Dungeon)

   Slay:      It affects your accuracy & damage with ranged weapons and melee
   (+2).
   rPois:     It protects you from poison.
   rN:        It protects you from negative energy.
 t - a +0 hat of intelligence
 C - a +2 cloak of stealth
 H - a scarf of resistance (worn)
 T - a +0 kite shield (worn)
 Y - the -1 hat of Proximity (worn) {rF+ rN+}
   (You found it on level 9 of the Dungeon)

   rF:        It protects you from fire.
   rN:        It protects you from negative energy.
Jewellery
 f - an amulet of the acrobat (around neck)
 p - a ring of protection from cold (left hand)
 v - a ring of ice
 P - a ring of protection from cold (right hand)
Wands
 k - a wand of digging (5)
 K - a wand of acid (4) (quivered)
 O - a wand of polymorph (4)
 U - a wand of paralysis (7)
 Z - a wand of iceblast (3)
Scrolls
 b - a scroll of silence {unknown}
 d - 2 scrolls of amnesia
 j - 8 scrolls of teleportation
 m - 5 scrolls of identify
 n - 2 scrolls of fog
 o - a scroll of holy word
 r - 3 scrolls of fear
 x - a scroll of enchant armour
 y - 2 scrolls of blinking
 E - 2 scrolls of brand weapon
 F - 2 scrolls of summoning
 N - a scroll of magic mapping
 V - 2 scrolls of vulnerability
 W - 3 scrolls of torment {unknown}
 X - a scroll of noise
Potions
 g - 2 potions of might
 h - 12 potions of curing
 i - 5 potions of brilliance
 q - 4 potions of heal wounds {unknown}
 z - a potion of berserk rage {unknown}
 G - 6 potions of attraction {unknown}
 I - 4 potions of flight {unknown}
 J - a potion of degeneration {unknown}
 L - a potion of haste
 Q - 8 potions of ambrosia
 R - a potion of magic {unknown}
 S - 2 potions of invisibility {unknown}
Miscellaneous
 A - a phial of floods


   Skills:
 - Level 17.0 Fighting
 - Level 8.0 Axes
 - Level 1.3 Throwing
 - Level 8.0 Armour
 - Level 5.0 Dodging
 - Level 2.0 Stealth
 + Level 8.2 Shields
 - Level 4.0 Spellcasting
 - Level 3.0 Conjurations
 - Level 6.0 Ice Magic
 - Level 7.0 Invocations
 - Level 4.0 Evocations


You had 15 spell levels left.
You knew the following spells:

 Your Spells              Type           Power      Damage    Failure   Level
a - Freeze                Ice            100%       1d11      8%          1
b - Frozen Ramparts       Ice            50%        1d7       24%         3
c - Foxfire               Conj/Fire      36%        2x1d5     45%         1

Your spell library contained the following spells:

 Spells                   Type           Power      Damage    Failure   Level
 Ozocubu's Armour         Ice            25%        N/A       24%         3
 Sandblast                Erth           6%         2d5       67%         1
 Summon Small Mammal      Summ           12%        N/A       67%         1
 Passwall                 Tmut/Erth      2%         N/A       80%         2
 Hailstorm                Conj/Ice       19%        3d6       82%         4
 Stone Arrow              Conj/Erth      18%        3d8       83%         3
 Call Canine Familiar     Summ           3%         N/A       95%         3
 Portal Projectile        Hex/Tloc       6%         N/A       95%         3
 Summon Guardian Golem    Hex/Summ       3%         N/A       95%         3
 Fulminant Prism          Conj/Hex       4%         3d6       99%         4
 Iskenderun's Mystic Bla  Conj/Tloc      9%         2d4       99%         4
 Leda's Liquefaction      Hex/Erth       1%         N/A       100%        4
 Olgreb's Toxic Radiance  Pois           3%         N/A       100%        4
 Lee's Rapid Deconstruct  Erth           1%         3d5*      100%        5
 Ozocubu's Refrigeration  Ice            12%        4d7       100%        7
 Ignition                 Fire           1%         3d3       100%        8


Dungeon Overview and Level Annotations

Branches:
Dungeon (10/15)            Temple (1/1) D:4            Lair (5/6) D:10
  Swamp (0/4) Lair:2        Snake (0/4) Lair:3        Slime (0/5) Lair:5
  Sewer (visited)
    Orc: D:9-12

Altars:
Ashenzari
Cheibriados
Dithmenos
Elyvilon
Fedhas
Gozag
Hepliaklqana
Makhleb
Nemelex Xobeh
Okawaru
Qazlal
Ru
Sif Muna
Trog
Uskayaw
Vehumet
Wu Jian
Xom
Yredelemnul

Shops:
D:6 **   D:9 (*([

Annotations:
D:5 2 runed translucent doors
D:8 6 exclusions
D:10 Urug
Lair:1 3 runed translucent doors, bande's ghost, novice GrFi
Lair:2 3 runed translucent doors, drugrobin's ghost, journeyman DgWr
Lair:3 2 transporters, Vuburch's ghost, journeyman NaTm


Innate Abilities, Weirdness & Mutations

You are too large for most types of armour.
You have tough skin. (AC +1)


Message History

Okay, then.
Press: ? - help, Shift-Dir - straight line, f/p - catoblepas
Aim: a catoblepas (lightly wounded, weak-willed, chance to affect: 62%)
The catoblepas resists with significant effort.
You block the catoblepas's attack.
Press: ? - help, Shift-Dir - straight line, f/p - catoblepas
Aim: a catoblepas (lightly wounded, weak-willed, chance to affect: 62%)
You fail to use your ability.
The catoblepas breathes a plume of calcifying dust at you.
The blast of calcifying dust hits you but does no damage.
Press: ? - help, Shift-Dir - straight line, f/p - catoblepas
Aim: a catoblepas (lightly wounded, weak-willed, chance to affect: 62%)
You fail to use your ability.
You are engulfed in calcifying dust.
You are slowing down.
You block the catoblepas's attack. The catoblepas barely misses you.
The catoblepas breathes a plume of calcifying dust at you.
The blast of calcifying dust hits you but does no damage.
Your limbs are stiffening.
The catoblepas completely misses you.
You have turned to stone.
The catoblepas gores you!
* * * LOW HITPOINT WARNING * * *
The catoblepas breathes a plume of calcifying dust at you.
The blast of calcifying dust hits you but does no damage.
You are engulfed in calcifying dust.
The catoblepas gores you!
* * * LOW HITPOINT WARNING * * *
You are engulfed in calcifying dust.
The catoblepas gores you but does no damage.
You are engulfed in calcifying dust.
The catoblepas gores you but does no damage.
The catoblepas gores you!
* * * LOW HITPOINT WARNING * * *
The catoblepas gores you but does no damage.
The catoblepas gores you.
* * * LOW HITPOINT WARNING * * *
The catoblepas breathes a plume of calcifying dust at you.
The blast of calcifying dust hits you.
* * * LOW HITPOINT WARNING * * *
You are engulfed in calcifying dust.
The catoblepas gores you!
You die...

#........≈≈≈≈≈..............
#.....≈≈≈...≈≈.............
##....≈≈≈≈..≈≈..............
#........≈..≈≈.............. #
####.......≈≈≈≈≈≈..............
.##.##....##≈..≈............#....
....##.....##P...$...........#..#
..........#....Y.............#.#.
................@...........#...#
.................§.............P.
....}.............§..............
.................................
.....#P....#.........≈≈≈≈.....>..
....#.....#........≈≈≈≈≈≈≈..##.#.
..#.P..........[...≈≈≈≈≈≈≈≈.##.##
.....PP...........≈≈≈≈≈≈≈≈≈≈##..P
.#...............≈≈≈≈...≈≈≈.≈..P.


You could see a catoblepas (weak-willed).

Vanquished Creatures
  Gastronok (Lair:1)
  A boulder beetle (Lair:3)
  Fannar (D:10)
  4 hydras
  A centaur warrior (D:9)
  A two-headed ogre (D:8)
  Amaemon (Lair:1)
  2 bog bodies (Lair:2)
  3 lindwurms (D:8)
  15 elephants
  Maurice (D:10)
  Joseph (D:7)
  5 black mambas (Lair:3)
  8 cane toads
  7 komodo dragons
  2 polar bears
  A queen bee (Lair:3)
  3 trolls
  Prince Ribbit (D:6)
  10 blink frogs
  Sigmund (D:6)
  4 yaks (Lair:3)
  2 wraiths
  2 wyverns
  4 steam dragons
  A vampire (D:9)
  Menkaure (D:5)
  Edmund (D:6)
  20 water moccasins
  4 orc warriors
  A sky beast (D:7)
  An ice beast (D:5)
  A black bear (D:6)
  14 wolves
  5 ogres
  3 centaurs
  2 phantoms
  4 kobold brigands
  10 bullfrogs
  2 gnoll sergeants
  4 scorpions
  30 killer bees
  2 vampire bats (D:6)
  9 wights
  4 howler monkeys
  2 jellies (D:5)
  4 electric eels
  Crazy Yiuf (D:4)
  5 hounds
  5 orc priests
  2 gnoll shamans
  12 orc wizards
  Natasha (twice) (D:4)
  5 iguanas
  Robin (D:3)
  18 gnolls
  9 adders
  A river rat (D:5)
  4 white imps
  3 ufetubi
  A dart slug (D:4)
  41 orcs
  6 endoplasms
  6 giant cockroaches
  14 goblins
  14 hobgoblins
  10 jackals
  6 quokkas
  10 ball pythons
  13 bats
  4 frilled lizards
  36 kobolds
  6 rats
442 creatures vanquished.

Vanquished Creatures (collateral kills)
  A hydra (Lair:1)
  An orange demon (Lair:1)
  A wyvern (Lair:1)
  A gnoll shaman (D:5)
  2 gnolls (D:5)
  3 kobolds (D:4)
9 creatures vanquished.

Vanquished Creatures (others)
  An orc wizard (D:5)
  2 gnolls (D:9)
  62 foxfires
  28 fungi
  80 plants
173 creatures vanquished.

Grand Total: 624 creatures vanquished

Notes
Turn   | Place    | Note
-------+----------+-------------------------------------------
     0 | D:1      | enile the Ogre Ice Elementalist began the quest for the
                  | Orb.
     0 | D:1      | Reached XP level 1. HP: 16/16 MP: 3/3
    79 | D:1      | Reached skill level 1 in Fighting
   475 | D:1      | Reached skill level 2 in Fighting
   498 | D:1      | Reached XP level 2. HP: 28/28 MP: 3/5
  1030 | D:1      | Reached skill level 3 in Fighting
  1185 | D:1      | Reached XP level 3. HP: 35/37 MP: 0/6
  1189 | D:1      | Learned a level 3 spell: Frozen Ramparts
  1522 | D:2      | Found a faded altar of an unknown god.
  1532 | D:2      | Prayed at the altar of an unknown god.
  1532 | D:2      | Became a worshipper of Elyvilon the Healer
  1532 | D:2      | Reached * piety under Elyvilon
  1585 | D:2      | Reached skill level 4 in Fighting
  1834 | D:2      | Reached XP level 4. HP: 49/49 MP: 7/7
  2117 | D:3      | Reached ** piety under Elyvilon
  2174 | D:3      | Noticed Robin
  2180 | D:3      | Reached skill level 5 in Fighting
  2185 | D:3      | Killed Robin
  2296 | D:3      | Reached XP level 5. HP: 53/59 MP: 4/8
  2518 | D:3      | Reached skill level 6 in Fighting
  2638 | D:3      | Identified the +6 war axe of the Hidden Vale {vorpal, rC-
                  | rN+ Will+++ Str+4 Int-2}
  2665 | D:4      | Noticed a phantom
  2683 | D:4      | Reached skill level 1 in Invocations
  2686 | D:4      | Killed a phantom
  2687 | D:4      | Reached skill level 1 in Axes
  2687 | D:4      | Reached XP level 6. HP: 32/67 MP: 2/9
  2899 | D:4      | Found a stormy altar of Qazlal.
  2967 | D:4      | Reached skill level 7 in Fighting
  3193 | D:4      | Noticed Natasha
  3457 | D:4      | Killed Natasha
  3459 | D:4      | Reached skill level 8 in Fighting
  3459 | D:4      | Reached XP level 7. HP: 76/80 MP: 3/10
  3553 | D:4      | Found a staircase to the Ecumenical Temple.
  3576 | D:4      | Identified the +6 hunting sling of the Globe {venom, rN+
                  | Dex+4}
  3611 | Temple   | Entered the Ecumenical Temple
  4137 | Temple   | Fell from the grace of Elyvilon
  4137 | Temple   | Became a worshipper of Vehumet
  4350 | D:4      | Noticed Natasha
  4355 | D:4      | Killed Natasha
  4412 | D:4      | Found a runed translucent door.
  4413 | D:4      | Noticed Crazy Yiuf
  4782 | D:4      | Killed Crazy Yiuf
  4788 | D:4      | Identified the +8 mace of Autumn {flame, Contam Fly rElec
                  | Str+3 Dex+6}
  5049 | D:5      | Entered Level 5 of the Dungeon
  5066 | D:5      | Reached skill level 9 in Fighting
  5073 | D:5      | Noticed Menkaure
  5108 | D:5      | Found a glowing drain.
  5117 | Sewer    | Entered a sewer
  5588 | D:5      | Reached XP level 8. HP: 66/92 MP: 11/11
  5705 | D:5      | Reached skill level 10 in Fighting
  5824 | D:5      | Killed Menkaure
  5854 | D:5      | Noticed a +0 dagger
  5856 | D:5      | Noticed a +0 hand axe
  6240 | D:5      | Reached skill level 11 in Fighting
  6384 | D:5      | Found a hide-covered altar of Uskayaw.
  6394 | D:5      | Reached * piety under Vehumet
  6394 | D:5      | Offered knowledge of Foxfire by Vehumet.
  6502 | D:5      | Learned a level 1 spell: Foxfire
  6734 | D:5      | Found a large runed translucent door.
  6738 | D:5      | Found a large runed translucent door.
  6802 | D:5      | Reached skill level 1 in Conjurations
  7017 | D:5      | Reached XP level 9. HP: 105/105 MP: 12/12
  7296 | D:6      | Noticed Prince Ribbit
  7309 | D:6      | Killed Prince Ribbit
  7442 | D:6      | Found Tuiromag's General Store.
  7489 | D:6      | Found Garelek's Specific Store.
  7497 | D:6      | Bought a scroll of enchant weapon for 112 gold pieces
  7497 | D:6      | Bought a scroll of identify for 30 gold pieces
  7501 | D:6      | Identified a scroll of acquirement
  7507 | D:6      | Acquired the +12 pearl dragon scales of the Secret Stars
                  | {rPois rN+ Slay+2}
  7530 | D:6      | Offered knowledge of Static Discharge by Vehumet.
  7531 | D:6      | Reached skill level 1 in Armour
  7533 | D:6      | Reached ** piety under Vehumet
  7748 | D:6      | Found a sparkling altar of Nemelex Xobeh.
  7753 | D:6      | Noticed Sigmund
  7765 | D:6      | Killed Sigmund
  8191 | D:6      | Reached skill level 5 in Armour
  8303 | D:6      | Noticed Edmund
  8312 | D:6      | Killed Edmund
  8371 | D:6      | Identified the +0 pair of boots of the Mantidfly {rPois
                  | Str+4 Int-3}
  8442 | D:7      | Offered knowledge of Mephitic Cloud by Vehumet.
  8444 | D:7      | Reached XP level 10. HP: 106/113 MP: 16/16
  8592 | D:7      | Noticed Joseph
  8606 | D:7      | Killed Joseph
  8607 | D:7      | Reached skill level 5 in Axes
  8705 | D:7      | Found an iron altar of Okawaru.
  8882 | D:7      | Reached *** piety under Vehumet
  8919 | D:7      | Reached skill level 12 in Fighting
  9048 | D:7      | Reached skill level 1 in Throwing
  9282 | D:7      | Offered knowledge of Conjure Flame by Vehumet.
  9460 | D:8      | Reached skill level 5 in Invocations
  9680 | D:8      | Reached **** piety under Vehumet
  9727 | D:8      | Noticed a lindwurm
  9731 | D:8      | Noticed a lindwurm
  9762 | D:8      | Noticed a lindwurm
  9764 | D:8      | Noticed a lindwurm
 10227 | D:8      | Noticed a two-headed ogre
 10234 | D:8      | Killed a two-headed ogre
 10277 | D:8      | Found a burning altar of Makhleb.
 10320 | D:8      | Found a sacrificial altar of Ru.
 10399 | D:9      | Identified the -1 hat of Proximity {rF+ rN+}
 10401 | D:9      | Cast into level 1 of the Abyss (gnoll sergeant)
 10401 | Abyss:1  | Found a corrupted altar of Lugonu.
 10413 | Abyss:1  | Fell from the grace of Vehumet
 10413 | Abyss:1  | Became a worshipper of Lugonu the Unformed
 10413 | Abyss:1  | Reached * piety under Lugonu
 10450 | D:9      | Escaped the Abyss
 10689 | D:8      | Killed a lindwurm
 10690 | D:8      | Reached XP level 11. HP: 68/123 MP: 17/17
 10693 | D:8      | Killed a lindwurm
 10694 | D:8      | Was forgiven by Elyvilon
 10694 | D:8      | Killed a lindwurm
 11055 | D:8      | Noticed a mana viper
 11055 | D:8      | a lindwurm changed into a mana viper
 11263 | D:9      | Found Eteics's Weapon Boutique.
 11272 | D:9      | Found Finov's Assorted Antiques.
 11284 | D:9      | Bought a scroll labelled VIDUTH PINILAPH for 34 gold pieces
 11284 | D:9      | Bought a scroll labelled VIDUTH PINILAPH for 34 gold pieces
 11284 | D:9      | Bought a scroll labelled XUGOED OBAZXAAMP for 34 gold
                  | pieces
 11284 | D:9      | Bought a wand of iceblast (3) for 136 gold pieces
 11284 | D:9      | Bought a potion of curing for 102 gold pieces
 11284 | D:9      | Bought a red potion for 30 gold pieces
 11360 | D:9      | Noticed a centaur warrior
 11369 | D:9      | Killed a centaur warrior
 11370 | D:9      | Reached skill level 13 in Fighting
 11413 | D:9      | Found Gauhy's Weapon Boutique.
 11889 | D:9      | Found Odyed's Antique Armour Emporium.
 12026 | D:9      | Noticed a six-headed hydra
 12143 | D:9      | Bought a golden potion for 30 gold pieces
 12254 | D:9      | Found a broken altar of Ashenzari.
 12387 | D:10     | Entered Level 10 of the Dungeon
 12542 | D:10     | Reached skill level 14 in Fighting
 13016 | D:10     | Found a staircase to the Lair.
 13221 | D:10     | Noticed Fannar
 13225 | D:10     | Noticed Maurice
 13236 | D:10     | Killed Fannar
 13240 | D:10     | Noticed Urug
 13250 | D:10     | Killed Maurice
 13251 | D:10     | Reached skill level 15 in Fighting
 13259 | Lair:1   | Entered Level 1 of the Lair of Beasts
 13409 | Lair:1   | Noticed a four-headed hydra
 14285 | Lair:1   | Reached skill level 1 in Shields
 14285 | Lair:1   | Reached XP level 12. HP: 95/141 MP: 18/18
 14493 | Lair:1   | Found a burning altar of Makhleb.
 14616 | Lair:1   | Found a runed translucent gate.
 14616 | Lair:1   | Found a runed translucent gate.
 14616 | Lair:1   | Found a runed translucent gate.
 14617 | Lair:1   | Noticed bande's ghost (novice GrFi)
 14648 | Lair:1   | Noticed Amaemon
 14653 | Lair:1   | Was forgiven by Vehumet
 14659 | Lair:1   | Killed a seven-headed hydra
 14673 | Lair:1   | Killed Amaemon
 14873 | Lair:1   | Noticed a seven-headed hydra
 14920 | Lair:1   | Reached skill level 5 in Shields
 15266 | Lair:1   | Noticed Gastronok
 15284 | Lair:1   | Killed Gastronok
 15673 | Lair:2   | Found a staircase to the Swamp.
 15851 | Lair:2   | Reached ** piety under Lugonu
 16150 | Lair:2   | Found a runed translucent gate.
 16150 | Lair:2   | Found a runed translucent gate.
 16150 | Lair:2   | Found a runed translucent gate.
 16199 | Lair:2   | Noticed a six-headed hydra
 16319 | Lair:2   | Killed a six-headed hydra
 16730 | Lair:2   | Noticed drugrobin's ghost (journeyman DgWr)
 17167 | Lair:3   | Reached skill level 5 in Ice Magic
 17312 | Lair:3   | Reached XP level 13. HP: 91/149 MP: 19/19
 18006 | Lair:3   | Reached skill level 5 in Dodging
 18071 | Lair:3   | Noticed Vuburch's ghost (journeyman NaTm)
 18071 | Lair:3   | Found the +8 whip "Snakebite" {venom, curare, rPois}
 18074 | Lair:3   | Found a transporter.
 18075 | Lair:3   | Found a bloodstained altar of Trog.
 18267 | Lair:3   | Found a transporter.
 18449 | Lair:3   | Found a staircase to the Snake Pit.
 18459 | Lair:3   | Identified the +3 ring mail "Pad Kuim" {+Blink Str-2 Dex+2}
 18735 | Lair:3   | Reached *** piety under Lugonu
 20269 | Lair:5   | Found a staircase to the Slime Pits.
 20325 | Lair:5   | Reached skill level 16 in Fighting
 20951 | Lair:5   | Found an ornate altar of the Wu Jian Council.
 20994 | Lair:5   | Reached skill level 17 in Fighting
 21517 | Lair:5   | HP: 7/156 [catoblepas/blast of calcifying dust (1)]
 21518 | Lair:5   | Slain by a catoblepas

Illustrated notes

Levels and vault maps discovered:
D:1:      psy_arrival_terrarium, layout_loops_ring
D:2:      layout_basic, basic_ecumenical_altar, chequers_serial_rivers_micro_c
D:3:      layout_basic, uniq_robin
D:4:      kennysheep_kobold_camp, layout_cave_pools,
          nicolae_qazlal_scattered_showers, minmay_temple_entry_fiery,
          uniq_crazy_yiuf_cottage, uniq_natasha
D:5:      layout_rooms, jmf_multi_god_temple2, dancing_weapons_uskayaw,
          portal_sewer_entry_b, hangedman_abyss_or_decor_stabs,
          kennysheep_generic_room_3, uniq_menkaure
D:6:      layout_cave_pods, mainiacjoe_overflow_paths, corner_web_ring,
          corexii_shack, kennysheep_decorative_pillar, nicolae_specific_store,
          roderic_batcave, minmay_bent, uniq_edmund, uniq_sigmund,
          uniq_prince_ribbit1
D:7:      minmay_recursive_quarters, layout_gridville,
          mainiacjoe_overflow_small_starburst, minmay_misc_feat_iff, uniq_joseph
D:8:      layout_loops_ring, bloody_makhleb, nicolae_ru_sacrificial_ziggurat,
          minmay_lindwurm_lava
D:9:      layout_layer_cave, mainiacjoe_overflow_24_doors, serial_shops,
          kennysheep_little_box, nicolae_shop_overgrown_old_shop,
          nicolae_shop_bloodbath_and_beyond, shop, lightli_wizard_tower
D:10:     minmay_shrinking_squares, layout_irregular_city,
          mainiacjoe_overflow_brackets, erik_lair_island,
          minmay_orc_entry_temple_small, serial_shops,
          nicolae_shop_temple_entry_statues_fountains, minmay_misc_feat_chi,
          uniq_urug, uniq_grum, uniq_maurice, uniq_fannar
Temple:   minmay_temple_forest_path
Lair:1:   layout_layer_cave, basic_altar, gammafunk_ghost_necromancy,
          chequers_serial_rivers_small_b, st_stairs_9, uniq_amaemon,
          uniq_gastronok
Lair:2:   layout_chaotic_city, skrybe_swamp_entry_bodies, gammafunk_ghost_icy
Lair:3:   layout_roguey [special_room_bee], minmay_snake_entry_six_corridors,
          gammafunk_ghost_wrathful_warriors, infiniplex_staircase_pool
Lair:4:   layout_long_grid, grunt_megastairs_5
Lair:5:   layout_gridlike, slime_dummy, basic_altar, lookout_lair_type,
          infiniplex_staircase_pool_2, lemuel_fruit_tree, serial_bayou_shore_a

Skill      XL: |  1  2  3  4  5  6  7  8  9 10 11 12 13 |
---------------+----------------------------------------+-----
Fighting       | 2 3 4 5 6 8 9 11 12 15 17 | 17.0
Dodging        | 2 3 5 |  5.0
Invocations    | 2 4 7 |  7.0
Axes           | 2 3 4 5 7 8 |  8.0
Stealth        | 2 |  2.0
Conjurations   | 2 3 |  3.0
Spellcasting   | 4 |  4.0
Armour         | 5 7 8 |  8.0
Throwing       | 1 |  1.3
Evocations     | 2 4 |  4.0
Shields        | 1 7 8 |  8.2
Ice Magic      | 5 6 |  6.0

Action                   |  1- 3 |  4- 6 |  7- 9 | 10-12 | 13-15 || total
-------------------------+-------+-------+-------+-------+-------++-------
Melee: Mace              |     3 |    19 |       |    12 |       ||    34
       Whip              |    46 |       |       |       |       ||    46
       Unarmed           |     1 |       |       |       |       ||     1
       Punch             |     1 |       |     3 |       |       ||     4
       Hand axe          |    16 |    21 |       |       |       ||    37
       War axe           |       |    56 |   191 |   480 |   280 ||  1007
       Demon whip        |       |       |       |       |    15 ||    15
 Fire: Hunting sling     |       |       |    22 |       |       ||    22
Throw: Dart              |       |     3 |     2 |    19 |     6 ||    30
       Throwing net      |       |       |       |       |     1 ||     1
 Cast: Freeze            |    33 |     6 |    15 |       |       ||    54
       Frozen Ramparts   |     3 |     9 |    11 |     3 |     1 ||    27
       Foxfire           |       |       |    11 |    23 |       ||    34
Invok: Depart the Abyss  |       |       |       |     1 |       ||     1
       Bend Space        |       |       |       |       |     1 ||     1
       Banish            |       |       |       |       |     1 ||     1
Evoke: Wand              |       |       |       |    17 |    10 ||    27
       Phial of floods   |       |       |       |     1 |       ||     1
  Use: Scroll            |       |       |    13 |    10 |     1 ||    24
       Potion            |       |       |     1 |     1 |       ||     2
 Stab: Sleeping          |     1 |     1 |       |       |       ||     2
       Distracted        |       |       |     1 |       |       ||     1
       Held in net/web   |       |       |       |       |     1 ||     1
Armor: Robe              |    51 |    24 |    52 |       |       ||   127
       Pearl dragon scal |       |       |    77 |   609 |   367 ||  1053
Dodge: Dodged            |    60 |    68 |   174 |   347 |   172 ||   821
Block: Kite shield       |       |       |       |   231 |   210 ||   441

Table legend: (Time is in decaauts)
 A = Elapsed time spent in this place.
 B = Non-inter-level travel time spent in this place.
 C = Inter-level travel time spent in this place.
 D = Time resting spent in this place.
 E = Time spent auto-exploring this place.
 F = Levels seen in this place.
 G = Mean time per level.
                   A        B        C        D        E       F      G
               +--------+--------+--------+--------+--------+-----+--------+
         Total |  21870 |  21392 |    478 |   2111 |  15117 |  18 | 1215.0 |
       Dungeon |  12383 |  12034 |    349 |   1553 |   8019 |  10 | 1238.3 |
        Temple |    565 |    491 |     74 |      0 |    479 |   1 |  565.0 |
          Lair |   8401 |   8347 |     54 |    558 |   6215 |   5 | 1680.2 |
         Abyss |     49 |     49 |      0 |      0 |      0 |   1 |   49.0 |
         Sewer |    469 |    469 |      0 |      0 |    403 |   1 |  469.0 |
               +--------+--------+--------+--------+--------+-----+--------+

Top non-repeatable levels by time:
  Lair:1: 2450 daAuts
  Lair:3: 2213 daAuts
     D:4: 1901 daAuts
     D:8: 1660 daAuts
     D:5: 1450 daAuts
  Lair:5: 1392 daAuts
     D:9: 1331 daAuts
  Lair:2: 1308 daAuts
     D:1: 1226 daAuts
     D:6: 1216 daAuts
  Lair:4: 1036 daAuts
     D:7: 976 daAuts
     D:3: 960 daAuts
    D:10: 905 daAuts
     D:2: 754 daAuts
